 Dungeon Crawl Stone Soup version 0.32-a0-131-g9dbbe29 (webtiles) character file.

Game seed: 6003378395210235949

3810 Cunctator the Nimble (level 10, -28/82 HPs)
             Began as a Gnoll Monk on Feb 8, 2024.
             Was a Believer of Kikubaaqudgha.
             Killed from afar by a lich (64 damage)
             ... with a bolt of cold
             ... on level 1 of the Abyss.
             The game lasted 00:26:57 (5700 turns).

Cunctator the Nimble (Gnoll Monk)                   Turns: 5700, Time: 00:27:00

Health: -28/82     AC:  0    Str: 15    XL:     10   Next: 17%
Magic:  17/17      EV: 10    Int: 19    God:    Kikubaaqudgha [**....]
Gold:   440        SH:  0    Dex: 14    Spells: 15/19 levels left

rFire   . . .        A - +5 club (spect)
rCold   . . .        (no shield)
rNeg    . . .        L - +0 chain mail
rPois   +            U - +0 helmet
rElec   .            t - +0 cloak
rCorr   .            (no gloves)
SInv    .            (no boots)
Will    +....        q - amulet of regeneration Stlth
                     m - ring of the Final Decision {rPois Str+3 Int+6}
HPRegen 1.13/turn    P - ring of willpower
MPRegen 0.15/turn

%: no passive effects
@: about to teleport, corroded
A: fangs 1, strong nose, distributed training
a: Renounce Religion, Unearth Wretches


You were on level 1 of the Abyss.
You worshipped Kikubaaqudgha.
Kikubaaqudgha was pleased with you.
You visited 1 branch of the dungeon, and saw 8 of its levels.
You visited the Abyss 1 time.
You also visited: Ossuary.

You collected 440 gold pieces.

Inventory:

Hand Weapons
 a - a +0 mace
 A - a +5 spectral club (weapon)
 M - a +0 orcbow
Missiles
 e - 41 stones
 g - 6 boomerangs
 w - 11 javelins
 x - 5 curare-tipped darts (quivered)
 B - 2 throwing nets
 O - 5 silver javelins
 S - 4 poisoned darts
Armour
 b - a +0 robe
 d - an orb of light
 i - a +0 kite shield
 t - a +0 cloak (worn)
 L - a +0 chain mail (worn)
 U - a +0 helmet (worn)
Jewellery
 m - the ring of the Final Decision (left hand) {rPois Str+3 Int+6}
   (You found it on level 2 of the Dungeon)

   [ring of intelligence]

   Str+3:     It affects your strength (+3).
   Int+6:     It affects your intelligence (+6).
   rPois:     It protects you from poison
 q - an amulet of regeneration (around neck)
 P - a ring of willpower (right hand)
Talismans
 Q - a serpent talisman
Wands
 z - a wand of charming (15)
 N - a wand of quicksilver (9)
Scrolls
 f - 12 scrolls of identify {unknown}
 h - 2 scrolls of silence
 j - a scroll of revelation {unknown}
 l - a scroll of teleportation
 p - a scroll of fear {unknown}
 s - 2 scrolls of fog {unknown}
 y - a scroll of vulnerability {unknown}
 F - a scroll of enchant armour {unknown}
 G - a scroll of noise {unknown}
 H - a scroll of enchant weapon {unknown}
 I - 2 scrolls of torment {unknown}
 J - a scroll of blinking {unknown}
 K - 2 scrolls of acquirement {unknown}
 R - 2 scrolls of amnesia {unknown}
Potions
 c - a potion of ambrosia
 k - 4 potions of haste {unknown}
 n - 2 potions of attraction {unknown}
 o - 2 potions of curing {unknown}
 r - a potion of might {unknown}
 u - a potion of invisibility {unknown}
 v - 3 potions of mutation {unknown}
 C - 3 potions of lignification {unknown}
 D - a potion of heal wounds {unknown}
 E - a potion of berserk rage
 T - a potion of degeneration {unknown}


   Skills:
 + Level 8.5 Fighting
 + Level 5.2 Short Blades
 + Level 5.2 Long Blades
 + Level 5.2 Axes
 + Level 8.5 Maces & Flails
 + Level 5.2 Polearms
 + Level 5.2 Staves
 + Level 5.2 Ranged Weapons
 + Level 5.2 Throwing
 + Level 5.2 Armour
 + Level 8.5 Dodging
 + Level 5.2 Stealth
 + Level 5.2 Shields
 + Level 5.2 Unarmed Combat
 + Level 5.2 Spellcasting
 + Level 4.3 Conjurations
 + Level 4.3 Hexes
 + Level 4.3 Summonings
 + Level 4.3 Necromancy
 + Level 4.3 Translocations
 + Level 4.3 Fire Magic
 + Level 4.3 Ice Magic
 + Level 4.3 Air Magic
 + Level 4.3 Earth Magic
 + Level 4.3 Alchemy
 + Level 5.7 Invocations
 + Level 5.2 Evocations
 + Level 4.7 Shapeshifting


You had 15 spell levels left.
You knew the following spells:

 Your Spells              Type           Power      Damage    Failure   Level
a - Frozen Ramparts       Ice            42%        1d7       58%         3
b - Freeze                Ice            84%        1d9       26%         1

Your spell library contained the following spells:

 Spells                   Type           Power      Damage    Failure   Level
 Kiss of Death            Conj/Necr      84%        2d11      26%         1
 Cigotuvi's Dreadful Rot  Necr/Alch/Air  42%        N/A       36%         2
 Hailstorm                Conj/Ice       21%        3d7       58%         3
 Inner Flame              Hex/Fire       21%        N/A       58%         3
 Vampiric Draining        Necr           21%        2d7       58%         3
 Animate Dead             Necr           21%        N/A       94%         4
 Irradiate                Conj/Alch      10%        3d15      100%        5
 Iskenderun's Battlesphe  Conj           21%        2d7       100%        5
 Bombard                  Conj/Erth      10%        9d3       100%        6
 Spellforged Servitor     Conj/Summ      10%        N/A       100%        7
 Ignition                 Fire           10%        3d5       100%        8


Dungeon Overview and Level Annotations

Branches:
Dungeon (8/15)             Temple (0/1) D:7         Ossuary (visited)
   Lair: D:8-11

Altars:
Hepliaklqana
Kikubaaqudgha
Makhleb
Trog
Vehumet
Xom

Annotations:
D:6 Pikel


Innate Abilities, Weirdness & Mutations

You have very sharp teeth.
Your uncanny sense of smell can sniff out nearby items.
Your experience applies equally to all skills.


Message History

You see here a +0 helmet.
U - a +0 helmet You start putting on your armour.
You continue putting on your +0 helmet. x4
You finish putting on your +0 helmet.
Okay, then.
Xom casts you into the Abyss!
This branch contains the abyssal rune of Zot.
Found a gateway leading deeper into the Abyss.
Found a corrupted altar of Lugonu.
There is a corrupted altar of Lugonu here.
A lich materialises.
A rust devil comes into view.
As you read the scroll of teleportation, it crumbles to dust.
You feel strangely unstable.
You feel the power of the Abyss delaying your translocation!
The rust devil screeches!
The lich touches you but does no damage.
The rust devil attacks as it pursues you!
The rust devil hits you. The rust devil corrodes you!
Okay, then.
Unknown command.
The lich touches you! The rust devil barely misses you. The lich touches you!
The rust devil barely misses you. The lich touches you.
The rust devil hits you. The rust devil corrodes you! The lich touches you.
The rust devil hits you! The rust devil corrodes you!
The lich closely misses you. The rust devil hits you.
The rust devil corrodes you!
The lich gestures wildly while chanting.
The lich flickers and vanishes!
Deactivating autopickup; reactivate with Ctrl-A.
The rust devil hits you! The rust devil corrodes you!
You hear some strange, mumbled words.
The rust devil hits you! The rust devil corrodes you!
You hear some strange, mumbled words.
A bolt of cold appears from out of thin air!
The bolt of cold hits you!!!
Ouch! That really hurt!
You die...
Kikubaaqudgha rasps: You have failed me!
Welcome... death!
Xom titters!

. . .
#..
.#.#.
....
#..#
...
#{##
#.@#
##4#
#.# #.#
#...#
.##....
##
###.# .


You could see a rust devil.

Vanquished Creatures
  Prince Ribbit (D:7)
  Grinder (D:3)
  A wraith (D:6)
  A steam dragon (D:7)
  4 yaks
  4 sky beasts
  An ice beast (D:7)
  An orc warrior (D:6)
  5 black bears
  3 centaurs
  2 phantoms
  3 elf zombies (Ossuary)
  A bullfrog (D:7)
  2 scorpions (D:5)
  2 jellies (D:7)
  An orc priest (D:6)
  7 hounds
  A bombardier beetle (D:7)
  A gnoll bouda (D:7)
  2 sleepcaps (D:6)
  Ijyb (D:3)
  3 iguanas
  A hound zombie (Ossuary)
  4 mummies (Ossuary)
  6 gnolls
  3 adders
  2 shadow imps (D:6)
  A white imp (D:5)
  2 dart slugs
  10 orcs
  9 endoplasms
  3 giant cockroaches
  9 goblins
  5 hobgoblins
  A hobgoblin (shapeshifter) (D:6)
  9 jackals
  6 quokkas
  5 ball pythons
  4 bats
  5 frilled lizards
  2 goblin zombies (Ossuary)
  2 hobgoblin zombies (Ossuary)
  6 kobolds
  2 kobold zombies (Ossuary)
  An orc zombie (Ossuary)
  5 rats
  A rat zombie (Ossuary)
152 creatures vanquished.

Notes
Turn   | Place    | Note
-------+----------+-------------------------------------------
     0 | D:1      | Cunctator the Gnoll Monk began the quest for the Orb.
     0 | D:1      | Reached XP level 1. HP: 23/23 MP: 1/1
    70 | D:1      | Reached XP level 2. HP: 29/29 MP: 2/2
   260 | D:1      | Reached XP level 3. HP: 32/35 MP: 3/3
   744 | D:1      | Reached skill level 1 in Invocations
   830 | D:1      | Found a faded altar of an unknown god.
   896 | D:1      | Prayed at the altar of an unknown god.
   896 | D:1      | Became a worshipper of Xom of Bone-Dry Humour
   921 | D:2      | XOM: noise
   932 | D:2      | XOM: silly message
   938 | D:1      | Reached skill level 1 in Short Blades
   938 | D:1      | Reached skill level 1 in Long Blades
   938 | D:1      | Reached skill level 1 in Axes
   938 | D:1      | Reached skill level 1 in Polearms
   938 | D:1      | Reached skill level 1 in Staves
   938 | D:1      | Reached skill level 1 in Ranged Weapons
   938 | D:1      | Reached skill level 1 in Throwing
   938 | D:1      | Reached skill level 1 in Armour
   938 | D:1      | Reached skill level 1 in Stealth
   938 | D:1      | Reached skill level 1 in Shields
   938 | D:1      | Reached skill level 1 in Unarmed Combat
   938 | D:1      | Reached skill level 1 in Spellcasting
   938 | D:1      | Reached skill level 1 in Evocations
   948 | D:1      | XOM: silly message
  1013 | D:1      | XOM: silly message
  1048 | D:2      | Reached skill level 1 in Shapeshifting
  1048 | D:2      | Reached XP level 4. HP: 40/41 MP: 5/5
  1071 | D:2      | XOM: silly message
  1079 | D:2      | Identified the ring of the Final Decision {rPois Str+3
                  | Int+6}
  1124 | D:2      | XOM: silly message
  1251 | D:2      | Reached skill level 1 in Conjurations
  1251 | D:2      | Reached skill level 1 in Hexes
  1251 | D:2      | Reached skill level 1 in Summonings
  1251 | D:2      | Reached skill level 1 in Necromancy
  1251 | D:2      | Reached skill level 1 in Translocations
  1251 | D:2      | Reached skill level 1 in Fire Magic
  1251 | D:2      | Reached skill level 1 in Ice Magic
  1251 | D:2      | Reached skill level 1 in Air Magic
  1251 | D:2      | Reached skill level 1 in Earth Magic
  1251 | D:2      | Reached skill level 1 in Alchemy
  1331 | D:2      | XOM: silly message
  1354 | D:2      | XOM: potion effect (brilliance)
  1440 | D:3      | XOM: noise
  1548 | D:3      | Noticed Grinder
  1548 | D:3      | XOM: silly message
  1557 | D:3      | XOM: silly message
  1577 | D:3      | XOM: potion effect (haste)
  1584 | D:3      | XOM: smoke on damage
  1589 | D:3      | XOM: potion effect (haste)
  1597 | D:3      | Killed Grinder
  1598 | D:3      | Reached XP level 5. HP: 17/47 MP: 5/8
  1598 | D:3      | Reached XP level 6. HP: 19/53 MP: 5/9
  1957 | D:3      | Noticed Ijyb
  1963 | D:3      | Killed Ijyb
  2146 | D:4      | Reached XP level 7. HP: 50/60 MP: 10/10
  2171 | D:4      | Found a burning altar of Makhleb.
  2171 | D:4      | XOM: 3-stop teleportation journey
  2606 | D:4      | Found a sand-covered staircase.
  2612 | Ossuary  | Entered an ossuary
  2614 | Ossuary  | XOM: cast spell 'Cause Fear'
  2618 | Ossuary  | XOM: blink monster(s)
  2626 | Ossuary  | XOM: confuse monster(s)
  2684 | Ossuary  | XOM: god gift: 7 stones
  2694 | Ossuary  | XOM: 4-stop teleportation journey
  2911 | D:4      | Found an ancient bone altar of Kikubaaqudgha.
  2915 | D:4      | Found a hazy altar of Hepliaklqana.
  2919 | D:4      | Fell from the grace of Xom
  2919 | D:4      | Became a worshipper of Kikubaaqudgha
  2929 | D:4      | Found a bloodstained altar of Trog.
  3039 | D:4      | Learned a level 3 spell: Frozen Ramparts
  3072 | D:5      | Entered Level 5 of the Dungeon
  3079 | D:5      | Reached XP level 8. HP: 65/67 MP: 12/12
  3139 | D:5      | XOM: scenery: create altars
  3504 | D:5      | XOM: summons 4 hostile shadow creatures
  3895 | D:6      | Reached * piety under Kikubaaqudgha
  3895 | D:6      | Received a gift from Kikubaaqudgha
  4059 | D:6      | Found a radiant altar of Vehumet.
  4083 | D:6      | Noticed a wraith
  4096 | D:5      | Reached XP level 9. HP: 73/73 MP: 14/14
  4377 | D:6      | Noticed Pikel
  4400 | D:6      | XOM: polymorph hound -> shapeshifter
  4458 | D:7      | Noticed Prince Ribbit
  4464 | D:7      | Learned a level 1 spell: Freeze
  4485 | D:7      | Killed Prince Ribbit
  4585 | D:7      | Reached skill level 5 in Invocations
  4656 | D:7      | XOM: noise
  4776 | D:7      | XOM: noise
  4956 | D:7      | Found a staircase to the Ecumenical Temple.
  5121 | D:7      | XOM: summons 4 hostile demons
  5311 | D:8      | XOM: enchant monster (bad)
  5323 | D:7      | Reached skill level 5 in Short Blades
  5323 | D:7      | Reached skill level 5 in Long Blades
  5323 | D:7      | Reached skill level 5 in Axes
  5323 | D:7      | Reached skill level 5 in Polearms
  5323 | D:7      | Reached skill level 5 in Staves
  5323 | D:7      | Reached skill level 5 in Ranged Weapons
  5323 | D:7      | Reached skill level 5 in Throwing
  5323 | D:7      | Reached skill level 5 in Armour
  5323 | D:7      | Reached skill level 5 in Stealth
  5323 | D:7      | Reached skill level 5 in Shields
  5323 | D:7      | Reached skill level 5 in Unarmed Combat
  5323 | D:7      | Reached skill level 5 in Spellcasting
  5323 | D:7      | Reached skill level 5 in Evocations
  5323 | D:7      | Reached XP level 10. HP: 59/81 MP: 12/17
  5584 | D:8      | Reached ** piety under Kikubaaqudgha
  5661 | Abyss:1  | Cast into level 1 of the Abyss (Xom)
  5665 | Abyss:1  | Found a corrupted altar of Lugonu.
  5685 | Abyss:1  | Noticed a lich
  5688 | Abyss:1  | Noticed a rust devil
  5700 | Abyss:1  | Killed from afar by a lich

Illustrated notes

Levels and vault maps discovered:
D:1:      reono_arrival_mine, layout_loops_ring, ebering_ecumenical_altar_rust,
          wad_floor_pattern_untrapped, minivault_5, amcnicky_mini_pool_small,
          minmay_statues_item
D:2:      layout_rooms, serial_bayou_pond_a, minmay_pentomino_o2
D:3:      layout_loops_cross, uniq_ijyb, uniq_grinder
D:4:      layout_layer_cave, grunt_temple_overflow_diamond,
          makhleb_blood_cavern_becter, lightli_ossuary_entry_decrepit_ruins
D:5:      layout_cave_pods
D:6:      layout_loops_cross, marbit_many_paths, uniq_eustachio, uniq_pikel
D:7:      layout_gridville, lemuel_temple_firewalk_b, uniq_prince_ribbit1
D:8:      layout_basic, mainiacjoe_overflow_small_starburst
Abyss:1:  base:
D:8

Skill      XL: |  1  2  3  4  5  6  7  8  9 |
---------------+----------------------------+-----
Invocations    | 1 2 3 4 5 |  5.7
Short Blades   | 1 2 3 5 |  5.2
Long Blades    | 1 2 3 5 |  5.2
Axes           | 1 2 3 5 |  5.2
Polearms       | 1 2 3 5 |  5.2
Staves         | 1 2 3 5 |  5.2
Ranged Weapons | 1 2 3 5 |  5.2
Throwing       | 1 2 3 5 |  5.2
Armour         | 1 2 3 5 |  5.2
Stealth        | 1 2 3 5 |  5.2
Shields        | 1 2 3 5 |  5.2
Unarmed Combat | 1 2 3 5 |  5.2
Spellcasting   | 1 2 3 5 |  5.2
Evocations     | 1 2 3 5 |  5.2
Shapeshifting  | 1 2 3 4 |  4.7
Conjurations   | 1 2 3 4 |  4.3
Hexes          | 1 2 3 4 |  4.3
Summonings     | 1 2 3 4 |  4.3
Necromancy     | 1 2 3 4 |  4.3
Translocations | 1 2 3 4 |  4.3
Fire Magic     | 1 2 3 4 |  4.3
Ice Magic      | 1 2 3 4 |  4.3
Air Magic      | 1 2 3 4 |  4.3
Earth Magic    | 1 2 3 4 |  4.3
Alchemy        | 1 2 3 4 |  4.3
Fighting       | 7 8 |  8.5
Maces & Flails | 7 8 |  8.5
Dodging        | 7 8 |  8.5

Action                     |  1- 3 |  4- 6 |  7- 9 | 10-12 || total
---------------------------+-------+-------+-------+-------++-------
  Melee: Mace              |    94 |    72 |       |       ||   166
         Bite              |     7 |    11 |    55 |     4 ||    77
         Club              |       |    18 |   307 |    28 ||   353
         Punch             |       |       |     4 |     3 ||     7
   Fire: Orcbow            |       |       |     5 |       ||     5
  Throw: Stone             |     5 |       |       |       ||     5
         Dart              |       |     1 |     2 |       ||     3
   Cast: Frozen Ramparts   |       |       |     4 |       ||     4
         Freeze            |       |       |     4 |       ||     4
    Use: Potion            |       |     1 |     1 |       ||     2
         Scroll            |       |     1 |     1 |     1 ||     3
   Stab: Confused          |       |       |     3 |       ||     3
         Distracted        |       |       |     5 |     1 ||     6
         Sleeping          |       |       |     1 |       ||     1
 Armour: Robe              |    51 |     5 |       |       ||    56
         Ring mail         |       |    43 |    76 |       ||   119
         Chain mail        |       |       |   159 |    29 ||   188
  Dodge: Dodged            |    78 |    56 |   185 |    10 ||   329

Table legend: (Time is in decaauts)
 A = Elapsed time spent in this place.
 B = Non-inter-level travel time spent in this place.
 C = Inter-level travel time spent in this place.
 D = Time resting spent in this place.
 E = Time spent auto-exploring this place.
 F = Levels seen in this place.
 G = Mean time per level.
                   A        B        C        D        E       F      G
               +--------+--------+--------+--------+--------+-----+--------+
         Total |   5685 |   5413 |    272 |    240 |   3925 |  10 |  568.5 |
       Dungeon |   5458 |   5186 |    272 |    213 |   3848 |   8 |  682.2 |
         Abyss |     38 |     38 |      0 |      0 |      0 |   1 |   38.0 |
       Ossuary |    188 |    188 |      0 |     27 |     77 |   1 |  188.0 |
               +--------+--------+--------+--------+--------+-----+--------+

Top non-repeatable levels by time:
     D:1: 1041 daAuts
     D:7: 911 daAuts
     D:5: 774 daAuts
     D:4: 771 daAuts
     D:3: 664 daAuts
     D:6: 569 daAuts
     D:2: 409 daAuts
     D:8: 317 daAuts
 Ossuary: 188 daAuts
 Abyss:1: 38 daAuts
